 Dungeon Crawl Stone Soup version 0.29-a0-541-gaf1fc19f1b (webtiles) character file.

Game seed: 8872778262570179858

75 IdlyInterested the Slasher (level 4, -2/33 HPs)
             Began as a Demonspawn Gladiator on June 2, 2022.
             Slain by Sigmund
             ... wielding a +0 scythe
              (10 damage)
             ... on level 2 of the Dungeon.
             The game lasted 00:04:02 (1847 turns).

IdlyInterested the Slasher (Demonspawn Gladiator)   Turns: 1847, Time: 00:04:03

Health: -2/33      AC:  6    Str: 20    XL:     4   Next: 11%
Magic:  4/4        EV: 12    Int:  9    God:
Gold:   86         SH:  0    Dex: 17    Spells: 3/3 levels left

rFire   . . .      SeeInvis .   a - +0 long sword
rCold   . . .      Faith    .   (no shield)
rNeg    . . .      Spirit   .   f - +0 ring mail
rPois   .          Reflect  .   h - +0 helmet
rElec   .          Harm     .   (no cloak)
rCorr   .          Rampage  .   (no gloves)
Will    .....                   (no boots)
Stlth   +.........              (no amulet)
HPRegen 0.11/turn               m - +6 ring of strength
MPRegen 0.09/turn               (no ring)

@: no status effects
A: claws 1
a: no special abilities


You were on level 2 of the Dungeon.
You visited 1 branch of the dungeon, and saw 2 of its levels.

You collected 86 gold pieces.

Inventory:

Hand Weapons
 a - a +0 long sword (weapon)
Missiles
 d - a throwing net
 e - a javelin
 i - 4 poisoned darts (quivered)
Armour
 b - a +0 leather armour
 f - a +0 ring mail (worn)
 h - a +0 helmet (worn)
Jewellery
 m - a +6 ring of strength (left claw)
Scrolls
 g - a scroll of enchant armour {unknown}
Potions
 k - a potion of haste
 n - a potion of attraction


   Skills:
 - Level 2.0 Fighting
 * Level 3.4 Long Blades
 - Level 1.7 Throwing
 * Level 1.8 Armour
 * Level 3.4 Dodging


You had 3 spell levels left.
You didn't know any spells.
Your spell library was empty.

Dungeon Overview and Level Annotations

Branches:
Dungeon (2/15)

Altars:

Annotations:
D:2 Sigmund


Innate Abilities, Weirdness & Mutations

You have sharp fingernails.


Message History

You now have 86 gold pieces (gained 8).
An endoplasm comes into view.
The endoplasm quivers.
The endoplasm hits you but does no damage.
You hit the endoplasm.
The endoplasm is almost dead.
The endoplasm freezes you.
You are frozen.
You slash the endoplasm!
You kill the endoplasm!
Sigmund the Dreaded comes into view.
He is wielding a +0 scythe.
Sigmund shouts!
Found a stone staircase leading up.
Sigmund casts a spell.
Sigmund flickers and vanishes!
Deactivating autopickup; reactivate with Ctrl-A.
Something hits you!
You closely miss something.
Throw: 3 throwing nets
Press: ? - help, Shift-Dir - straight line You throw a throwing net.
Something hits you but does no damage.
Throw: 2 throwing nets
Press: ? - help, Shift-Dir - straight line You throw a throwing net.
You hear some strange, mumbled words.
You are confused.
Okay, then.
Something completely misses you.
You bump into the rock wall.
You bump into the rock wall.
Something hits you!
Non-targeted confused throw: throwing net
Press: ? - help, Dir - look around, f - activate
Okay, then.
Something hits you.
* * * LOW HITPOINT WARNING * * *
Okay, then.
You feel less confused. Something hits you!
You die...

# #### .# ..# .# # #.# .(#
#.##.########.# #..#
#............###.<.# ##### .
####.###.####.#{# ####..).
.#####.# #.####.@##.# .....###
.......# #.#........# ##..###
....#### #.#.##.###### ####.....
###.# #....#.# #. #......#. .##.#
#......# #.##.##..... ....#
##...### #........... .##.##
#>..# ###.......####
.....######...######.#..#....#...
.....#..............#...#....#...


There were no monsters in sight!

Vanquished Creatures
  4 adders (D:2)
  A dart slug (D:1)
  2 endoplasms
  A giant cockroach (D:1)
  A goblin (D:2)
  5 hobgoblins
  2 jackals (D:1)
  3 kobolds
  2 quokkas (D:1)
  2 ball pythons (D:2)
  6 bats
  5 frilled lizards
  2 rats (D:1)
36 creatures vanquished.

Notes
Turn   | Place    | Note
-------+----------+-------------------------------------------
     0 | D:1      | IdlyInterested the Demonspawn Gladiator began the quest for
                  | the Orb.
     0 | D:1      | Reached XP level 1. HP: 16/16 MP: 1/1
   338 | D:1      | Gained mutation: You have sharp fingernails. [demonic
                  | ancestry]
   338 | D:1      | Reached XP level 2. HP: 20/22 MP: 2/2
   511 | D:1      | Reached skill level 1 in Armour
  1039 | D:2      | Reached XP level 3. HP: 15/27 MP: 3/3
  1534 | D:2      | Reached XP level 4. HP: 13/33 MP: 4/4
  1834 | D:2      | Noticed Sigmund
  1847 | D:2      | Slain by Sigmund

Illustrated notes

Levels and vault maps discovered:
D:1:      minmay_arrival_stone_box, layout_basic, nrook_campfire
D:2:      layout_loops_cross, uniq_sigmund

Skill      XL: |  1  2 |
---------------+-------+-----
Long Blades    | 3 |  3.4
Armour         | 1 |  1.8
Dodging        | 3 |  3.4
Fighting       | |  2.0
Throwing       | |  1.7

Action                   |  1- 3 |  4- 6 || total
-------------------------+-------+-------++-------
Melee: Long sword        |   114 |     6 ||   120
Throw: Throwing net      |       |     2 ||     2
  Use: Scroll            |     5 |       ||     5
       Potion            |     1 |       ||     1
Armor: Leather armour    |    32 |       ||    32
       Ring mail         |    11 |     2 ||    13
Dodge: Dodged            |   104 |     3 ||   107

Table legend: (Time is in decaauts)
 A = Elapsed time spent in this place.
 B = Non-inter-level travel time spent in this place.
 C = Inter-level travel time spent in this place.
 D = Time resting spent in this place.
 E = Time spent auto-exploring this place.
 F = Levels seen in this place.
 G = Mean time per level.
                   A        B        C        D        E       F      G
               +--------+--------+--------+--------+--------+-----+--------+
         Total |   1876 |   1869 |      7 |    753 |    744 |   2 |  938.0 |
       Dungeon |   1876 |   1869 |      7 |    753 |    744 |   2 |  938.0 |
               +--------+--------+--------+--------+--------+-----+--------+

Top non-repeatable levels by time:
     D:1: 1048 daAuts
     D:2: 827 daAuts
